PL
CLEVELAND BROWNS @ NORTHERN VIRGINIA RAINBOW MERMAIDS
09/17/2041
 
TOP OF THE 1ST
Cleveland Browns batting - Pitching for Northern Virginia Rainbow Mermaids : RHP Bob Christison
Pitching: RHP Bob Christison
Batting: SHB Jhett Larson 0-0: Ball
1-0: Ball
2-0: Fly out, F7 (Flyball, 78S, EV 90.6 MPH)
Batting: LHB Jim Brown 0-0: Ball
1-0: Ball
2-0: Ball
3-0: Base on Balls
Batting: LHB León Castillo 0-0: Grounds into double play, 4-6-3 (Groundball, 4, EV 82.5 MPH)
Top of the 1st over - 0 runs, 0 hits, 0 errors, 0 left on base; Cleveland 0 - Northern Virginia 0
BOTTOM OF THE 1ST
Northern Virginia Rainbow Mermaids batting - Pitching for Cleveland Browns : RHP Yan van der Meijden
Pitching: RHP Yan van der Meijden
Batting: LHB Rylen Roersma 0-0: Ball
1-0: Swinging Strike
1-1: Foul Ball, location: 2F
1-2: Foul Ball, location: 2F
1-2: Ground out 6-3 (Groundball, 6, EV 103.8 MPH)
Batting: LHB Scott Kerin 0-0: Foul Ball, location: 2F
0-1: Ball
1-1: SINGLE (Groundball, 34D, EV 107.5 MPH)
Batting: RHB Rob Brooks 0-0: Called Strike
0-1: Called Strike
0-2: Ball
1-2: Ball
2-2: Foul Ball, location: 2F
2-2: Fielders Choice at 2nd, 1-6 (Groundball, 34S, EV 82.5 MPH)
Batting: LHB Ryder Ringor 0-0: Ball
1-0: Ball
2-0: Called Strike
2-1: SINGLE (Groundball, 4MD, EV 105.0 MPH)
Rob Brooks to second
Runner from 2nd tries for 3rd, SAFE, throw by CF made to third
Batting: RHB Manuel Márquez 0-0: Ball
1-0: Ball
2-0: Called Strike
2-1: Called Strike
2-2: Foul Ball, location: 2F
2-2: Strikes out swinging
Bottom of the 1st over - 0 runs, 2 hits, 0 errors, 2 left on base; Cleveland 0 - Northern Virginia 0
TOP OF THE 2ND
Cleveland Browns batting - Pitching for Northern Virginia Rainbow Mermaids : RHP Bob Christison
Batting: RHB Meester Gobbles-Rooster 0-0: Called Strike
0-1: Ball
1-1: Ball
2-1: Fly out, F8 (Flyball, 78M, EV 86.9 MPH)
Batting: LHB Danny Rodríguez 0-0: Ground out 5-3 (Groundball, 56S, EV 84.4 MPH)
Batting: RHB Baldomero Avino 0-0: Ball
1-0: Fly out, F5 (Line Drive, 5, EV 71.2 MPH)
Top of the 2nd over - 0 runs, 0 hits, 0 errors, 0 left on base; Cleveland 0 - Northern Virginia 0
BOTTOM OF THE 2ND
Northern Virginia Rainbow Mermaids batting - Pitching for Cleveland Browns : RHP Yan van der Meijden
Batting: LHB Tony Goodwin 0-0: Called Strike
0-1: Foul Ball, location: 2F
0-2: Ball
1-2: Strikes out looking
Batting: RHB Woong Byeon 0-0: Called Strike
0-1: Ball
1-1: Foul Ball, location: 2F
1-2: Foul Ball, location: 2F
1-2: Ball
2-2: Foul Ball, location: 2F
2-2: Fly out, F8 (Flyball, 78M, EV 95.0 MPH)
Batting: LHB Jeff Washington 0-0: Called Strike
0-1: Called Strike
0-2: Ball
1-2: Ball
2-2: Ground out 5-3 (Groundball, 56, EV 78.1 MPH)
Bottom of the 2nd over - 0 runs, 0 hits, 0 errors, 0 left on base; Cleveland 0 - Northern Virginia 0
TOP OF THE 3RD
Cleveland Browns batting - Pitching for Northern Virginia Rainbow Mermaids : RHP Bob Christison
Pitching: RHP Nick Rollins
Batting: SHB Esteban Piñeiro 0-0: Called Strike
0-1: Ground out 6-3 (Groundball, 6D, EV 111.2 MPH)
Batting: LHB Bob Giles 0-0: Ball
1-0: Ball
2-0: Ball
3-0: Called Strike
3-1: Swinging Strike
3-2: Fly out, F2 (Popup, 25F, EV 91.9 MPH)
Batting: RHB Carlos Martínez 0-0: Ground out 4-3 (Groundball, 4S, EV 83.1 MPH)
Top of the 3rd over - 0 runs, 0 hits, 0 errors, 0 left on base; Cleveland 0 - Northern Virginia 0
BOTTOM OF THE 3RD
Northern Virginia Rainbow Mermaids batting - Pitching for Cleveland Browns : RHP Yan van der Meijden
Batting: RHB John Juanda 0-0: Called Strike
0-1: Ball
1-1: DOUBLE (Line Drive, 9LS, EV 91.9 MPH)
Batting: LHB Rylen Roersma 0-0: Ball
1-0: Called Strike
1-1: Ball
2-1: Called Strike
2-2: Ball
3-2: Base on Balls
Batting: LHB Scott Kerin 0-0: Called Strike
0-1: Called Strike
0-2: Ball
1-2: Ball
2-2: SINGLE (Groundball, 34D, EV 98.8 MPH)
John Juanda to third
Rylen Roersma to second
Runner from 3rd tries for Home, SAFE, throw by RF to home
Batting: RHB Rob Brooks 0-0: Called Strike
0-1: Ball
1-1: Ball
2-1: Foul Ball, location: 2F
2-2: Foul Ball, location: 2F
2-2: Fly out, F9 (Flyball, 9S, EV 81.9 MPH)
Batting: LHB Ryder Ringor 0-0: Ball
1-0: Called Strike
1-1: Grounds into double play, 4-6-3 (Groundball, 4M, EV 98.8 MPH)
Bottom of the 3rd over - 1 run, 2 hits, 0 errors, 1 left on base; Cleveland 0 - Northern Virginia 1
TOP OF THE 4TH
Cleveland Browns batting - Pitching for Northern Virginia Rainbow Mermaids : RHP Nick Rollins
Batting: SHB Jhett Larson 0-0: Fly out, F6 (Flyball, 5D, EV 83.8 MPH)
Batting: LHB Jim Brown 0-0: Ball
1-0: Called Strike
1-1: Ball
2-1: Ball
3-1: SINGLE (Line Drive, 78M, EV 98.1 MPH)
Batting: LHB León Castillo 0-0: Ball
Jim Brown is caught stealing 2nd base 2-6
1-0: Foul Ball, location: 2F
1-1: Called Strike
1-2: Strikes out swinging
Top of the 4th over - 0 runs, 1 hit, 0 errors, 0 left on base; Cleveland 0 - Northern Virginia 1
BOTTOM OF THE 4TH
Northern Virginia Rainbow Mermaids batting - Pitching for Cleveland Browns : RHP Yan van der Meijden
Batting: RHB Manuel Márquez 0-0: Foul Ball, location: 2F
0-1: Ball
1-1: Foul Ball, location: 2F
1-2: Foul Ball, location: 2F
1-2: Ball
2-2: Foul Ball, location: 2F
2-2: Strikes out swinging
Batting: LHB Tony Goodwin 0-0: Ground out 4-3 (Groundball, 4, EV 86.2 MPH)
Batting: RHB Woong Byeon 0-0: Foul Ball, location: 2F
0-1: Called Strike
0-2: Foul Ball, location: 2F
0-2: Strikes out swinging
Bottom of the 4th over - 0 runs, 0 hits, 0 errors, 0 left on base; Cleveland 0 - Northern Virginia 1
TOP OF THE 5TH
Cleveland Browns batting - Pitching for Northern Virginia Rainbow Mermaids : RHP Nick Rollins
Batting: RHB Meester Gobbles-Rooster 0-0: Ball
1-0: Called Strike
1-1: Ball
2-1: Ball
3-1: Swinging Strike
3-2: SINGLE (Flyball, 9S, EV 84.4 MPH)
Batting: LHB Danny Rodríguez 0-0: Foul Ball, location: 2F
0-1: DOUBLE (Line Drive, 3D, EV 97.5 MPH)
Meester Gobbles-Rooster to third
Batting: RHB Baldomero Avino 0-0: Fly out, F2 (Popup, 15S, EV 88.1 MPH)
Batting: SHB Esteban Piñeiro 0-0: Fly out, F7 (Flyball, 7S, EV 75.6 MPH)
Batting: LHB Bob Giles 0-0: Called Strike
0-1: Ground out 5-3 (Groundball, 56, EV 86.2 MPH)
Top of the 5th over - 0 runs, 2 hits, 0 errors, 2 left on base; Cleveland 0 - Northern Virginia 1
BOTTOM OF THE 5TH
Northern Virginia Rainbow Mermaids batting - Pitching for Cleveland Browns : RHP Yan van der Meijden
Batting: LHB Jeff Washington 0-0: Swinging Strike
0-1: Reached on error, E4 (Groundball, 4M, EV 108.1 MPH)
Batting: RHB John Juanda 0-0: Bunted foul
0-1: Ball
1-1: Ball
2-1: Bunted foul
2-2: Fly out, F8 (Flyball, 8LM, EV 86.2 MPH)
Batting: LHB Rylen Roersma 0-0: Ball
1-0: Swinging Strike
Balk!
Jeff Washington to second
1-1: Ball
Jeff Washington steals 3rd base
2-1: Ball
3-1: Swinging Strike
3-2: Foul Ball, location: 2F
3-2: Fly out, F7 (Flyball, 78M, EV 85.0 MPH)
Runner from 3rd tags up, SCORES, no throw by LF
Batting: LHB Scott Kerin 0-0: Swinging Strike
0-1: Foul Ball, location: 2F
0-2: Foul Ball, location: 2F
0-2: Strikes out swinging
Bottom of the 5th over - 1 run, 0 hits, 1 error, 0 left on base; Cleveland 0 - Northern Virginia 2
TOP OF THE 6TH
Cleveland Browns batting - Pitching for Northern Virginia Rainbow Mermaids : RHP Nick Rollins
Batting: RHB Carlos Martínez 0-0: Called Strike
0-1: Ball
1-1: Ball
2-1: Fly out, F7 (Flyball, 7D, EV 102.5 MPH)
Batting: SHB Jhett Larson 0-0: Ball
1-0: Ball
2-0: Called Strike
2-1: Ball
3-1: Foul Ball, location: 2F
3-2: Strikes out swinging
Batting: LHB Jim Brown 0-0: Swinging Strike
0-1: Foul Ball, location: 2F
0-2: Ball
1-2: Ground out 1-3 (Groundball, 13S, EV 73.1 MPH)
Top of the 6th over - 0 runs, 0 hits, 0 errors, 0 left on base; Cleveland 0 - Northern Virginia 2
BOTTOM OF THE 6TH
Northern Virginia Rainbow Mermaids batting - Pitching for Cleveland Browns : RHP Yan van der Meijden
Pitching: LHP Arnie Harper
Batting: RHB Rob Brooks 0-0: Ball
1-0: Ball
2-0: Ball
3-0: Base on Balls
Batting: LHB Ryder Ringor 0-0: Called Strike
0-1: Ball
1-1: Called Strike
1-2: DOUBLE (Flyball, 89XD, EV 95.6 MPH)
Rob Brooks to third
Batting: RHB Manuel Márquez 0-0: Ball
1-0: Ball
2-0: Ball
3-0: Called Strike
3-1: Base on Balls
Batting: LHB Tony Goodwin 0-0: Ball
1-0: Called Strike
1-1: Ball
2-1: Ball
3-1: Base on Balls
Rob Brooks scores
Ryder Ringor to third
Manuel Márquez to second
Batting: RHB Woong Byeon 0-0: Called Strike
0-1: Foul Ball, location: 2F
0-2: Ball
1-2: Strikes out swinging
Batting: LHB Jeff Washington 0-0: Foul Ball, location: 2F
0-1: Ball
1-1: Ball
2-1: Ball
3-1: Foul Ball, location: 2F
3-2: Base on Balls
Ryder Ringor scores
Manuel Márquez to third
Tony Goodwin to second
Batting: RHB John Juanda 0-0: Called Strike
0-1: SINGLE (Groundball, 6MD, EV 100.6 MPH)
Manuel Márquez scores
Tony Goodwin to third
Jeff Washington to second
Pitching: LHP Lawrence Lane
Batting: LHB Rylen Roersma 0-0: Ball
1-0: Ball
2-0: Ball
3-0: Called Strike
3-1: Base on Balls
Tony Goodwin scores
Jeff Washington to third
John Juanda to second
Batting: LHB Scott Kerin 0-0: Ball
1-0: Fly out, F9 (Line Drive, 9, EV 88.1 MPH)
Runner from 3rd tags up, SCORES, no throw by RF
Batting: RHB Rob Brooks 0-0: Swinging Strike
0-1: Ball
1-1: Called Strike
1-2: Foul Ball, location: 2F
1-2: Ball
2-2: Strikes out swinging
Bottom of the 6th over - 5 runs, 2 hits, 0 errors, 2 left on base; Cleveland 0 - Northern Virginia 7
TOP OF THE 7TH
Cleveland Browns batting - Pitching for Northern Virginia Rainbow Mermaids : RHP Nick Rollins
Batting: LHB León Castillo 0-0: Ground out 5-3 (Groundball, 5L, EV 80.0 MPH)
Batting: RHB Meester Gobbles-Rooster 0-0: Ground out 6-3 (Groundball, 6, EV 81.2 MPH)
Batting: LHB Danny Rodríguez 0-0: Ball
1-0: Ball
2-0: Ball
3-0: Called Strike
3-1: Base on Balls
Batting: RHB Baldomero Avino 0-0: Ball
1-0: Swinging Strike
1-1: Ball
2-1: Ball
3-1: Called Strike
3-2: SINGLE (Flyball, 7S, EV 90.6 MPH)
Danny Rodríguez to second
Danny Rodríguez to third
Batting: SHB Esteban Piñeiro 0-0: Foul Ball, location: 2F
0-1: Ball
1-1: SINGLE (Line Drive, 56D, EV 93.8 MPH)
Danny Rodríguez scores
Baldomero Avino to second
Batting: LHB Bob Giles 0-0: Fielders Choice at 2nd, 5-4 (Groundball, 56, EV 91.2 MPH)
Top of the 7th over - 1 run, 2 hits, 0 errors, 2 left on base; Cleveland 1 - Northern Virginia 7
BOTTOM OF THE 7TH
Northern Virginia Rainbow Mermaids batting - Pitching for Cleveland Browns : LHP Lawrence Lane
Batting: LHB Ryder Ringor 0-0: Ball
1-0: Ball
2-0: Called Strike
2-1: Ground out 4-3 (Groundball, 4, EV 86.2 MPH)
Batting: RHB Manuel Márquez 0-0: Ball
1-0: Called Strike
1-1: Fly out, F4 (Popup, 3S, EV 90.0 MPH)
Batting: LHB Tony Goodwin 0-0: Foul Ball, location: 2F
0-1: SINGLE (Line Drive, 9LS, EV 101.2 MPH)
Batting: RHB Woong Byeon 0-0: Called Strike
0-1: Ball
1-1: Ball
2-1: Ball
3-1: Foul Ball, location: 2F
3-2: Fly out, F1 (Popup, 15, EV 84.4 MPH)
Bottom of the 7th over - 0 runs, 1 hit, 0 errors, 1 left on base; Cleveland 1 - Northern Virginia 7
TOP OF THE 8TH
Cleveland Browns batting - Pitching for Northern Virginia Rainbow Mermaids : RHP Nick Rollins
Batting: RHB Carlos Martínez 0-0: Ball
1-0: Ground out 3-1 (Groundball, 34, EV 81.2 MPH)
Batting: SHB Jhett Larson 0-0: DOUBLE (Line Drive, 89XD, EV 104.4 MPH)
Batting: LHB Jim Brown 0-0: Ball
1-0: Ground out U3 (Groundball, 3, EV 88.8 MPH)
Jhett Larson to third
Batting: LHB León Castillo 0-0: Ball
1-0: Ball
2-0: Called Strike
2-1: Called Strike
2-2: SINGLE (Line Drive, 56, EV 98.8 MPH)
Jhett Larson scores
Batting: RHB Meester Gobbles-Rooster 0-0: Swinging Strike
0-1: Swinging Strike
0-2: Strikes out swinging
Top of the 8th over - 1 run, 2 hits, 0 errors, 1 left on base; Cleveland 2 - Northern Virginia 7
BOTTOM OF THE 8TH
Northern Virginia Rainbow Mermaids batting - Pitching for Cleveland Browns : LHP Lawrence Lane
Batting: LHB Jeff Washington 0-0: SINGLE (Groundball, 56D, EV 108.1 MPH)
Batting: RHB John Juanda 0-0: Ball
1-0: 2-RUN HOME RUN (Flyball, 78XD, EV 105.6 MPH), Distance : 422 ft
Pinch Hitting: RHB Víctor Bojórquez 0-0: Called Strike
0-1: Ball
1-1: Fly out, F9 (Flyball, 9, EV 88.1 MPH)
Batting: LHB Scott Kerin 0-0: Foul Ball, location: 2F
0-1: Called Strike
0-2: Ball
1-2: Foul Ball, location: 2F
1-2: Ground out 1-3 (Groundball, 13, EV 93.8 MPH)
Pinch Hitting: RHB Nate Edwards 0-0: Swinging Strike
0-1: Foul Ball, location: 2F
0-2: Fly out, F7 (Flyball, 7S, EV 80.0 MPH)
Bottom of the 8th over - 2 runs, 2 hits, 0 errors, 0 left on base; Cleveland 2 - Northern Virginia 9
TOP OF THE 9TH
Cleveland Browns batting - Pitching for Northern Virginia Rainbow Mermaids : RHP Nick Rollins
Now at 3B: Víctor Bojórquez
Now in RF: Jon Huband
Batting: LHB Danny Rodríguez 0-0: Ball
1-0: Called Strike
1-1: Swinging Strike
1-2: Foul Ball, location: 2F
1-2: Ball
2-2: Fly out, F9 (Flyball, 9LS, EV 89.4 MPH)
Batting: RHB Baldomero Avino 0-0: Foul Ball, location: 2F
0-1: Called Strike
0-2: Strikes out swinging
Batting: SHB Esteban Piñeiro 0-0: Ball
1-0: SINGLE (Groundball, 25, EV 72.5 MPH) (infield hit)
Batting: LHB Bob Giles 0-0: Ball
1-0: Called Strike
1-1: Foul Ball, location: 2F
1-2: Ball
2-2: SINGLE (Line Drive, 8LS, EV 87.5 MPH)
Esteban Piñeiro to second
Batting: RHB Carlos Martínez 0-0: Ball
1-0: Called Strike
1-1: Swinging Strike
1-2: Foul Ball, location: 2F
1-2: Strikes out looking
Top of the 9th over - 0 runs, 2 hits, 0 errors, 2 left on base; Cleveland 2 - Northern Virginia 9
Tuesday, January 5th, 2021 - OOTP Baseball 20.8 Build 74